 Dungeon Crawl Stone Soup version 0.28-a0-872-g80cf8599ee (webtiles) character file.

Game seed: 15723488460109140280

46 bande the Shield-Bearer (level 3, -2/23 HPs)
             Began as a Gargoyle Fighter on Nov 21, 2021.
             Slain by Natasha (5 damage)
             ... on level 2 of the Dungeon.
             The game lasted 00:01:12 (842 turns).

bande the Shield-Bearer (Gargoyle Fighter)           Turns: 842, Time: 00:01:13

Health: -2/23      AC: 10    Str: 20    XL:     3   Next: 66%
Magic:  3/3        EV:  9    Int:  8    God:
Gold:   4          SH:  4    Dex:  9    Spells: 2/2 levels left

rFire   . . .      SeeInvis .   a - +0 war axe
rCold   . . .      Faith    .   c - +0 buckler
rNeg    + . .      Spirit   .   b - +0 scale mail
rPois   ∞          Reflect  .   (no helmet)
rElec   +          Harm     .   (no cloak)
rCorr   .          Rampage  .   (no gloves)
Will    .....                   (no boots)
Stlth   ..........              (no amulet)
HPRegen 0.07/turn               (no ring)
MPRegen 0.08/turn               (no ring)

@: no status effects
A: sickness immunity, AC +3, negative energy resistance 1, electricity
resistance, torment resistance 1, petrification resistance
a: no special abilities


You were on level 2 of the Dungeon.
You visited 1 branch of the dungeon, and saw 2 of its levels.

You collected 4 gold pieces.

Inventory:

Hand Weapons
 a - a +0 war axe (weapon)
Armour
 b - a +0 scale mail (worn)
 c - a +0 buckler (worn)
Scrolls
 e - a scroll of enchant weapon {unknown}
 f - a scroll of enchant armour {unknown}
 g - 3 scrolls of teleportation {unknown}
Potions
 d - a potion of might


   Skills:
 + Level 3.6 Fighting
 + Level 2.6 Axes
 + Level 3.7 Armour
 + Level 3.7 Shields


You had 2 spell levels left.
You didn't know any spells.
Your spell library was empty.

Dungeon Overview and Level Annotations

Branches:
Dungeon (2/15)

Altars:

Annotations:
D:2 Natasha


Innate Abilities, Weirdness & Mutations

You are immune to sickness and miasma.
Your stone body is resilient. (AC +3)
You are immune to poison.
You resist negative energy. (rN+)
You are resistant to electric shocks. (rElec)
You are resistant to unholy torment.
You are immune to petrification.


Message History

The crimson imp hits you but does no damage.
Natasha howls an incantation.
Natasha shimmers violently.
Natasha claws you but does no damage.
The crimson imp hits you but does no damage.
You closely miss Natasha.
Natasha is lightly wounded.
You hit the crimson imp. Natasha barely misses you.
The crimson imp blinks!
You miss Natasha.
Natasha is lightly wounded.
You barely miss the crimson imp.
Natasha casts a spell.
The crimson imp hits you but does no damage.
Natasha barely misses you.
You barely miss Natasha.
Natasha is lightly wounded.
You closely miss the crimson imp.
The crimson imp hits you but does no damage.
Natasha stares at you and mumbles some strange words.
The magic dart hits you!
* * * LOW HITPOINT WARNING * * *
The crimson imp hits you but does no damage.
Okay, then.
Okay, then.
You slash Natasha!
Natasha is severely wounded.
You hit the crimson imp.
Natasha stares at you and mumbles some strange words.
The magic dart hits you but does no damage.
You block the crimson imp's attack.
Your shield and scale mail prevent you from hitting Natasha.
Natasha is severely wounded.
You barely miss the crimson imp. You closely miss the crimson imp.
Natasha closely misses you.
The crimson imp hits you but does no damage.
The crimson imp closely misses you.
The crimson imp laughs crazily.
The crimson imp hits you but does no damage.
Natasha claws you.
You die...

......#.##.................#
...
......#.##.#####.......#...#
..
......#.#...................
......#.#...............
..........†.............
..#.###.#....#..........
#.#......#...>##.
#.#..#.###.....#
#........5@....#
..#..#...h5.......
.....#.........#..
.....#.##..#...# . .. #.
##.#...# # #.#....#
#........ ### ...##


You could see Natasha and 2 crimson imps.

Vanquished Creatures
  An adder (D:2)
  A worm (D:2)
  A dart slug (D:1)
  2 ball pythons (D:1)
  3 endoplasms
  A giant cockroach (D:1)
  4 goblins (D:1)
  4 hobgoblins (D:1)
  A kobold (D:1)
  2 quokkas (D:1)
  A bat (D:1)
  4 frilled lizards
  5 rats
  A spectral kobold (D:1)
31 creatures vanquished.

Notes
Turn   | Place    | Note
-------+----------+-------------------------------------------
     0 | D:1      | bande the Gargoyle Fighter began the quest for the Orb.
     0 | D:1      | Reached XP level 1. HP: 14/14 MP: 1/1
    45 | D:1      | Reached XP level 2. HP: 17/19 MP: 2/2
   308 | D:1      | Found a faded altar of an unknown god.
   363 | D:1      | Reached XP level 3. HP: 20/23 MP: 3/3
   827 | D:2      | Noticed Natasha
   842 | D:2      | Slain by Natasha

Illustrated notes

Levels and vault maps discovered:
D:1:      sevenhm_arrival_forest_fort_small_6, layout_rooms,
          dreamdust_ecumenical_altar_drowned_temple
D:2:      layout_basic, minmay_misc_feat_pillars, uniq_terence, uniq_natasha,
          uniq_robin

Skill      XL: |  1  2 |
---------------+-------+-----
Axes           | 2 |  2.6
Fighting       | |  3.6
Armour         | |  3.7
Shields        | |  3.7

Action                   || total
-------------------------++-------
Melee: War axe           ||    82
Armor: Scale mail        ||    43
Dodge: Dodged            ||    38
Block: Buckler           ||    22

Table legend: (Time is in decaauts)
 A = Elapsed time spent in this place.
 B = Non-inter-level travel time spent in this place.
 C = Inter-level travel time spent in this place.
 D = Time resting spent in this place.
 E = Time spent auto-exploring this place.
 F = Levels seen in this place.
 G = Mean time per level.
                   A        B        C        D        E       F      G
               +--------+--------+--------+--------+--------+-----+--------+
         Total |    881 |    830 |     51 |      0 |    624 |   2 |  440.5 |
       Dungeon |    881 |    830 |     51 |      0 |    624 |   2 |  440.5 |
               +--------+--------+--------+--------+--------+-----+--------+

Top non-repeatable levels by time:
     D:1: 663 daAuts
     D:2: 217 daAuts
